 Dungeon Crawl Stone Soup version 0.18-a0-1211-g828307d (webtiles) character file.

4821 ololoev the Destroyer (level 10, 41/50 HPs)
             Began as a Deep Elf Fire Elementalist on Feb 2, 2016.
             Quit the game on level 9 of the Dungeon.
             The game lasted 00:30:41 (3400 turns).

ololoev the Destroyer (Deep Elf Fire Elementalist)  Turns: 3400, Time: 00:30:41

Health: 41/50      AC:  6    Str:  5    XL:     10   Next: 24%
Magic:  19/26      EV: 13    Int: 28    God:
Gold:   337        SH:  0    Dex: 18    Spells: 5 memorised, 13 levels left

rFire  . . .     SeeInvis .     a - +2 spear of Equilibrium {speed, *Confuse +Rage Int+4 Dex+3}
rCold  . . .     Gourm    .     g - +0 robe
rNeg   . . .     Faith    .     (no shield)
rPois  .         Spirit   .     (no helmet)
rElec  .         Dismiss  .     (no cloak)
rCorr  +         Reflect  .     (no gloves)
SustAt .         Harm     .     (no boots)
MR     +....     Rnd*Rage +     f - amulet of magic regeneration
Stlth  +.........               y - ring of loudness (curse)
                                t - ring of resist corrosion

@: studying 2 skills, somewhat resistant to hostile enchantments, very
unstealthy
A: slimy green scales 1, thin metallic scales 1, berserk 1
a: Evoke Berserk Rage


Innate Abilities, Weirdness & Mutations

You are partially covered in slimy green scales (AC +2).
You are partially covered in thin metallic scales (AC +2).
You tend to lose your temper in combat.

Inventory:

Hand Weapons
 a - the +2 spear of Equilibrium (weapon) {speed, *Confuse +Rage Int+4 Dex+3}
   (You found it on level 5 of the Dungeon)

   Attacks with this weapon are significantly faster.
   It affects your intelligence (+4).
   It affects your dexterity (+3).
   It lets you go berserk.
   It may confuse you when you take damage.
Armour
 g - a +0 robe (worn)
 l - a troll hide
Jewellery
 f - an amulet of magic regeneration (around neck)
 t - a ring of resist corrosion (left hand)
 y - a cursed ring of loudness (right hand)
Wands
 m - a wand of iceblast (1/15)
 z - a wand of iceblast (2/15)
Scrolls
 j - 4 scrolls of amnesia
 r - a scroll of enchant armour
Potions
 e - a potion of ambrosia {unknown}
 h - 4 potions of curing
 k - 3 potions of flight
 n - a potion of agility
 o - a potion of lignification {unknown}
 s - 2 potions of poison
 u - 2 potions of brilliance
 v - a potion of haste {unknown}
 w - a potion of berserk rage {unknown}
Books
 b - a book of Flames

   Spells                             Type                      Level
   a - Flame Tongue                   Conjuration/Fire             1
   b - Throw Flame                    Conjuration/Fire             2
   c - Conjure Flame                  Conjuration/Fire             3
   d - Inner Flame                    Hexes/Fire                   3
   e - Sticky Flame                   Conjuration/Fire             4
   f - Fireball                       Conjuration/Fire             5
 d - a manual of Shields
 A - a manual of Armour
Comestibles
 c - 4 bread rations
 i - 2 meat rations
 p - 9 slices of pizza
 q - 10 chunks of flesh
 x - 2 beef jerkies


   Skills:
 - Level 2.4 Dodging
 - Level 2.4 Stealth
 + Level 10.0 Spellcasting
 * Level 11.5 Conjurations
 + Level 9.2 Fire Magic


You had 13 spell levels left.
You knew the following spells:

 Your Spells              Type           Power        Failure   Level  Hunger
a - Flame Tongue          Conj/Fire      #####        1%          1    None
b - Conjure Flame         Conj/Fire      ######..     1%          3    None
c - Sticky Flame          Conj/Fire      ######..     1%          4    None
d - Fireball              Conj/Fire      ######....   1%          5    ###....
e - Inner Flame           Hex/Fire       #####...     1%          3    None


You were on level 9 of the Dungeon.
You were not hungry.

You visited 2 branches of the dungeon, and saw 10 of its levels.
You also visited: Bailey.

You collected 337 gold pieces.

# #. # #.
..###.######
.....(.....##
............##
.......@.....#
.............#
......(......#
.............#
.............#
............##
.....#.....##
....########

Notes
Turn   | Place    | Note
--------------------------------------------------------------
     0 | D:1      | ololoev the Deep Elf Fire Elementalist began the quest for the Orb.
     0 | D:1      | Reached XP level 1. HP: 10/10 MP: 6/6
    94 | D:1      | Reached XP level 2. HP: 15/15 MP: 6/8
   256 | D:3      | Found an opulent altar of Gozag.
   282 | D:4      | Reached XP level 3. HP: 17/19 MP: 4/9
   287 | D:4      | Learned a level 3 spell: Conjure Flame
   314 | D:5      | Entered Level 5 of the Dungeon
   331 | D:4      | Found Uvustriar's Book Boutique.
   382 | D:5      | Found a shattered altar of Ashenzari.
   419 | D:4      | Noticed a giant frog
   426 | D:4      | Killed a giant frog
   426 | D:4      | Reached skill level 4 in Spellcasting
   426 | D:4      | Reached XP level 4. HP: 24/24 MP: 3/12
   470 | D:4      | Noticed a phantom
   477 | D:4      | Killed a phantom
   477 | D:4      | Reached XP level 5. HP: 28/28 MP: 7/13
   483 | D:4      | Learned a level 4 spell: Sticky Flame
   839 | D:6      | Reached skill level 5 in Fire Magic
   839 | D:6      | Reached XP level 6. HP: 22/32 MP: 10/15
   846 | D:5      | Learned a level 3 spell: Inner Flame
   881 | D:5      | Got a warped spear
   882 | D:5      | Identified the +2 spear of Equilibrium {speed, *Confuse +Rage Int+4 Dex+3} (You found it on level 5 of the Dungeon)
   977 | D:5      | Noticed an ice beast
   983 | D:5      | Killed an ice beast
   983 | D:5      | Reached skill level 5 in Spellcasting
   983 | D:5      | Reached skill level 5 in Conjurations
  1004 | D:5      | Noticed Dowan
  1005 | D:5      | Noticed Duvessa
  1162 | D:5      | Noticed a sky beast
  1174 | D:5      | Killed a sky beast
  1174 | D:5      | Reached XP level 7. HP: 31/36 MP: 12/17
  1409 | D:6      | Learned a level 5 spell: Fireball
  1430 | D:6      | Reached skill level 6 in Conjurations
  1589 | D:6      | Found a staircase to the Ecumenical Temple.
  1603 | D:6      | Reached skill level 7 in Conjurations
  1619 | Temple   | Entered the Ecumenical Temple
  1904 | D:6      | Got a scorched ring mail
  1937 | D:6      | Reached XP level 8. HP: 36/41 MP: 7/19
  2003 | D:6      | Gained mutation: You tend to lose your temper in combat. [mutagenic meat]
  2004 | D:6      | Gained mutation: You are partially covered in thin metallic scales (AC +2). [mutagenic meat]
  2005 | D:6      | Gained mutation: You are partially covered in slimy green scales (AC +2). [mutagenic meat]
  2064 | D:7      | Reached skill level 8 in Conjurations
  2152 | D:7      | Found a flagged portal.
  2169 | Bailey   | Entered a bailey
  2177 | Bailey   | Reached skill level 9 in Conjurations
  2298 | Bailey   | Reached XP level 9. HP: 23/45 MP: 18/23
  2504 | Bailey   | Reached skill level 10 in Conjurations
  2825 | D:7      | Found a snail-covered altar of Cheibriados.
  2889 | D:7      | Found an iron altar of Okawaru.
  2889 | D:7      | Reached skill level 11 in Conjurations
  2951 | D:7      | Identified the +4 ring mail of Greed {rCorr Str-2 Dex+9} (You found it on level 6 of the Dungeon)
  3158 | D:8      | Reached XP level 10. HP: 43/50 MP: 6/25
  3245 | D:8      | Noticed an orange crystal statue
  3289 | D:8      | Found a shadowy altar of Dithmenos.
  3341 | D:8      | Noticed an ice statue
  3359 | D:8      | Killed an ice statue
  3359 | D:8      | Reached skill level 10 in Spellcasting
  3400 | D:9      | Quit the game

Dungeon Overview and Level Annotations

Branches:
Dungeon (9/15)             Temple (1/1) D:6
   Lair: D:8-11         Orc: D:9-12

Altars:
Ashenzari
Cheibriados
Dithmenos
Elyvilon
Gozag
Kikubaaqudgha
Nemelex Xobeh
Okawaru
Qazlal
Trog
Xom
The Shining One

Shops:
D:4 :

Annotations:
D:5 Dowan, Duvessa
D:8 exclusion: orange crystal statue


Message History

The ice statue throws cold at you.
You see here an iguana corpse.
Really walk into a travel-excluded area?
Okay, then.
Really walk into a travel-excluded area?
The ice statue glitters chillingly in the dim dungeon light.
You see here an iguana corpse.
Casting: Sticky Flame
Confirm with . or Enter, or press ? or * to list all spells.
Aiming: Fireball
Press: ? - help, Shift-Dir - straight line The fireball explodes!
The fireball engulfs the ice statue.
The ice statue melts!
The ice statue is severely damaged.
The ice statue glitters chillingly in the dim dungeon light.
Casting: Fireball
Confirm with . or Enter, or press ? or * to list all spells.
Aiming: Fireball
Press: ? - help, Shift-Dir - straight line The fireball explodes!
The fireball engulfs the ice statue.
The ice statue melts!
You destroy the ice statue!
Your Spellcasting skill increases to level 10!
The fireball engulfs the ice beast.
The ice beast melts!
You kill the ice beast!
Really walk into a travel-excluded area?
Found a spear.
You now have 337 gold pieces (gained 28).
You see here an iguana corpse.
Eating one of 11 chunks of flesh.
This raw flesh tastes terrible.
You continue eating. x2
There is a stone staircase leading down here.
You climb downwards.
Found 2 javelins and 18 stones.
There is a stone staircase leading up here.
Wield which item (- for none, * to show all)? (? for menu, Esc to quit)
Okay, then.
Put on which piece of jewellery? (? for menu, Esc to quit)
Okay, then.
Are you sure you want to abandon this character and quit the game? (Confirm with "yes".)

There were no monsters in sight!

Vanquished Creatures
  An ice statue (D:8)
  A troll (D:8)
  A human (D:7)
  A hippogriff (D:7)
  A black bear (D:7)
  A wasp (D:7)
  An ice beast (D:5)
  2 sky beasts
  12 orc warriors
  An ogre (D:5)
  10 centaurs
  A phantom (D:4)
  2 big kobolds
  2 giant frogs
  A wyvern zombie (D:6)
  8 wights
  An electric eel (D:7)
  4 hounds
  A quasit (D:8)
  2 giant frog skeletons (D:7)
  2 jellies
  3 iguanas
  3 orc wizards (D:8)
  2 worker ants (D:8)
  4 sheep (D:7)
  A hound zombie (D:6)
  2 hound skeletons
  A worker ant zombie (D:4)
  4 gnolls
  3 adders
  A shadow imp (D:8)
  An ooze (D:6)
  An adder zombie (D:6)
  3 adder skeletons
  A worm (D:3)
  2 giant geckos
  39 orcs
  A bat (D:2)
  5 goblins
  7 jackals
  5 quokkas
  2 giant newts
  15 kobolds
  2 rats
164 creatures vanquished.

Vanquished Creatures (others)
  A centaur skeleton (D:4)
  An iguana (D:4)
  A giant gecko skeleton (D:7)
3 creatures vanquished.

Grand Total: 167 creatures vanquished

Action                   |  1- 3 |  4- 6 |  7- 9 | 10-12 || total
-------------------------+-------+-------+-------+-------++-------
Melee: Unarmed           |       |     5 |       |       ||     5
       Spear             |       |       |    19 |    23 ||    42
 Cast: Flame Tongue      |    36 |    39 |   105 |    26 ||   206
       Conjure Flame     |     1 |     5 |     6 |     2 ||    14
       Inner Flame       |       |     1 |    12 |     1 ||    14
       Sticky Flame      |       |       |    13 |     4 ||    17
       Fireball          |       |       |    33 |     7 ||    40
Evoke: Wand              |       |       |     4 |     6 ||    10
  Use: Scroll            |       |       |    14 |       ||    14
       Potion            |       |       |     5 |       ||     5
 Stab: Sleeping          |       |     1 |       |       ||     1
  Eat: Royal jelly       |       |     1 |       |       ||     1
       Chunk             |       |       |    16 |     2 ||    18

Vault maps used:
D:1:      lightli_arrival_isolated_outpost, cheibriados_altar_1
D:2:      st_stairs_6, nemelex_xobeh_ov_fountains_minmay
D:3:      nicolae_gozag_cash_rules_everything_around_me, first_bread,
          okawaru_altar_gauntlet_db
D:4:      fiery_altar_vehumet, serial_shops, kennysheep_mini
D:5:      nicolae_ashenzari_panopticon, uniq_duvessa
D:6:      minmay_temple_entry_poolview, kennysheep_generic_room_10
D:7:      old_standard_altar, enter_bailey_3, basic_altar, grunt_livestock,
          amethyst_killhole, minivault_4
D:8:      minmay_separated_statues, grunt_dithmenos_smoke, serial_glass,
          glass_columns_c, glass_columns_c, st_stairs_6
D:9:      johnstein_pakellas_dig, fedhas_altar_4, minitemple, dpeg_oklobed_lair,
          orc_0_dummy, tgw_trog
Temple:   hc_temple_tempest_star
Bailey:   bailey_polearm_flooded_kennysheep, bailey
